 Dungeon Crawl Stone Soup version 0.19.1-28-ge1247f7 (console) character file.

8923 Kloppie the Cleaver (level 11, -3/148 HPs)
             Began as a Mottled Draconian Berserker on Jan 22, 2017.
             Was a High Priest of Trog.
             Slain by an ice dragon (6 damage)
             ... on level 1 of the Lair of Beasts.
             The game lasted 00:15:55 (10408 turns).

Kloppie the Cleaver (Mottled Draconian Berserker)  Turns: 10408, Time: 00:15:56

Health: -3/148     AC: 12    Str: 26    XL:     11   Next: 16%
Magic:  11/11      EV: 20    Int:  7    God:    Trog [*****.]
Gold:   318        SH:  0    Dex: 13    Spells: 0 memorised, 10 levels left

rFire  + . .     SeeInvis .     a - +3 war axe
rCold  . . .     Gourm    .     (armour unavailable)
rNeg   . . .     Faith    .     (no shield)
rPois  .         Spirit   .     (helmet restricted)
rElec  .         Reflect  .     (no cloak)
rCorr  .         Harm     .     z - +1 pair of gloves
MR     .....                    n - +2 pair of boots
Stlth  ..........               (no amulet)
                                J - +4 ring of evasion
                                u - ring of protection from fire

@: berserking, slowed
A: breathe sticky flame splash, unfitting armour, cold-blooded, AC +7
a: Breathe Sticky Flame, Berserk, Trog's Hand, Brothers in Arms, Burn
Spellbooks, Renounce Religion


You were on level 1 of the Lair of Beasts.
You worshipped Trog.
Trog was extremely pleased with you.
You were not hungry.

You visited 2 branches of the dungeon, and saw 11 of its levels.
You also visited: Ossuary.

You collected 750 gold pieces.
You spent 432 gold pieces at shops.

Inventory:

Hand Weapons
 a - a +3 war axe (weapon)
 b - a +2 flail of protection
 A - a +0 battleaxe
Armour
 n - a +2 pair of boots (worn)
 z - a +1 pair of gloves (worn)
Jewellery
 k - an uncursed ring of see invisible
 u - a ring of protection from fire (left hand)
 J - a +4 ring of evasion (right hand)
Wands
 q - a wand of digging (6/24)
 B - a wand of teleportation (2/9)
 M - a wand of hasting (4/9)
Scrolls
 d - a scroll of recharging
 e - 2 scrolls of noise
 j - 9 scrolls of remove curse
 m - 10 scrolls of teleportation
 E - a scroll of blinking
 G - 2 scrolls of enchant armour
 K - 4 scrolls of identify
Potions
 c - 2 potions of berserk rage
 g - 3 potions of haste
 h - 3 potions of cure mutation
 i - a potion of flight
 v - 3 potions of curing
 x - a potion of heal wounds
 F - 2 potions of cancellation
Comestibles
 l - 3 meat rations
 o - 10 bread rations
 s - 3 beef jerkies
 t - a slice of pizza
 I - 5 fruits


   Skills:
 - Level 9.9 Fighting
 + Level 13.5 Axes
 - Level 6.8 Dodging


You had 10 spell levels left.
You didn't know any spells.

Dungeon Overview and Level Annotations

Branches:
Dungeon (10/15)            Temple (0/1) D:5            Lair (1/6) D:9
    Orc: D:9-12

Altars:
Cheibriados
Hepliaklqana
Makhleb
Okawaru
Ru
Sif Muna
Trog
Uskayaw
Xom
Yredelemnul

Shops:
D:8 *


Innate Abilities, Weirdness & Mutations

You can spit globs of burning liquid.
You can ignite nearby creatures when you spit burning liquid.
Your weird mottled scales are hard. (AC +7)
You cannot fit into any form of body armour.
You are cold-blooded and may be slowed by cold attacks.


Message History

Your unstable footing causes you to fumble your attack.
You are engulfed in freezing vapours.
* * * LOW HITPOINT WARNING * * *
The ice dragon is engulfed in freezing vapours.
The ice dragon bites you!
* * * LOW HITPOINT WARNING * * *
The ice dragon claws you but does no damage.
The ice dragon tramples you but does no damage.
Your unstable footing causes you to fumble your attack.
The ice dragon breathes frost at you. The blast of cold hits you!
* * * LOW HITPOINT WARNING * * *
You closely miss the ice dragon. You tail-slap the ice dragon!
The ice dragon is moderately wounded.
You are engulfed in freezing vapours.
You feel as though you will be slow longer.
* * * LOW HITPOINT WARNING * * *
The ice dragon bites you but does no damage.
The ice dragon claws you.
You die...

### # ######### #
####...≈≈≈≈# ######
##.......≈≈≈##
.....#####........≈≈≈≈##
####.............≈≈≈≈≈≈#
#####.........≈≈≈≈$$##
###......≈≈≈..$$[[
##....§@D....?:}
###..≈≈≈≈....!#
#############


You could see an ice dragon.

Vanquished Creatures
  The ghost of Angani the Thaumaturge, a novice DrCj of Vehumet (D:9)
  An ugly thing (D:10)
  2 centaur zombies (D:8)
  A centaur skeleton (D:10)
  2 hippogriffs
  A spriggan (D:7)
  A vampire (D:10)
  A hungry ghost (D:9)
  A steam dragon (D:10)
  2 ice beasts
  A necrophage (D:6)
  An orc warrior (D:10)
  7 ogres
  4 phantoms
  4 centaurs
  7 sky beasts
  An eye of draining (D:10)
  2 crocodiles
  A big kobold (D:9)
  8 bullfrogs
  2 gnoll sergeants
  An elf skeleton (D:7)
  6 scorpions
  7 killer bees
  A howler monkey (D:5)
  9 crimson imps
  3 quasits
  A bullfrog zombie (D:9)
  3 jellies
  9 orc priests
  3 hounds
  3 bullfrog skeletons
  19 orc wizards
  2 iguanas
  2 human skeletons (D:7)
  5 worker ants
  8 mummies (Ossuary)
  2 worker ant zombies
  7 gnolls
  11 adders
  A shadow imp (D:8)
  An ooze (D:1)
  2 adder skeletons
  6 worms
  2 dart slugs
  6 leopard geckos
  46 orcs
  9 giant cockroaches
  9 goblins
  6 hobgoblins (D:2)
  9 jackals (D:3)
  9 quokkas
  6 bats
  A gnoll zombie (Ossuary)
  2 hobgoblin zombies (Ossuary)
  13 kobolds
  4 kobold zombies (Ossuary)
  A leopard gecko zombie (D:7)
  2 orc skeletons (D:7)
  2 orc zombies
  2 quokka skeletons
  14 rats
  A fulminant prism (D:9)
307 creatures vanquished.

Vanquished Creatures (collateral kills)
  Sonja (D:10)
  A hound (D:10)
  2 orcs (D:10)
4 creatures vanquished.

Grand Total: 311 creatures vanquished

Notes
Turn   | Place    | Note
-------+----------+-------------------------------------------
     0 | D:1      | Kloppie the Draconian Berserker began the quest for the Orb.
     0 | D:1      | Reached XP level 1. HP: 19/19 MP: 1/1
   141 | D:1      | Reached XP level 2. HP: 18/26 MP: 2/2
   686 | D:2      | Reached XP level 3. HP: 26/33 MP: 3/3
   689 | D:2      | Reached ** piety under Trog
  1137 | D:2      | Reached skill level 4 in Axes
  1137 | D:2      | Reached XP level 4. HP: 29/41 MP: 4/4
  1416 | D:2      | Found a sacrificial altar of Ru.
  1790 | D:3      | Reached skill level 5 in Fighting
  1868 | D:3      | Reached XP level 5. HP: 39/48 MP: 5/5
  2007 | D:3      | Reached *** piety under Trog
  2102 | D:3      | Noticed a phantom
  2136 | D:3      | Killed a phantom
  2136 | D:3      | Reached skill level 5 in Axes
  2501 | D:4      | Reached XP level 6. HP: 45/57 MP: 6/6
  3009 | D:4      | Found a bloodstained altar of Trog.
  3010 | D:4      | Found an iron altar of Okawaru.
  3020 | D:4      | Your scales start taking on a weird mottled colour.
  3020 | D:4      | Reached XP level 7. HP: 61/64 MP: 7/7
  3116 | D:4      | Reached skill level 6 in Axes
  3476 | D:5      | Entered Level 5 of the Dungeon
  3803 | D:5      | Found a staircase to the Ecumenical Temple.
  4143 | D:5      | Reached skill level 7 in Axes
  4210 | D:5      | Found a hide-covered altar of Uskayaw.
  4210 | D:5      | Found a shimmering altar of Xom.
  4215 | D:5      | Found a faded altar of an unknown god.
  4219 | D:5      | Found a snail-covered altar of Cheibriados.
  4221 | D:5      | Found a faded altar of an unknown god.
  4309 | D:5      | Reached XP level 8. HP: 74/74 MP: 8/8
  4313 | D:5      | Reached **** piety under Trog
  4830 | D:6      | Reached skill level 8 in Axes
  5718 | D:6      | Reached XP level 9. HP: 85/85 MP: 9/9
  5835 | D:6      | Reached skill level 9 in Axes
  5973 | D:7      | Identified a scroll of acquirement
  6103 | D:7      | Found a sand-covered staircase.
  6120 | Ossuary  | Entered an ossuary
  6403 | D:7      | Reached skill level 10 in Axes
  6911 | D:7      | Reached skill level 11 in Axes
  6943 | D:7      | Reached ***** piety under Trog
  7386 | D:8      | Reached XP level 10. HP: 70/93 MP: 10/10
  7400 | D:8      | Found a deep blue altar of Sif Muna.
  7446 | D:8      | Found Joeskob's General Store.
  7451 | D:8      | Bought a +4 ring of evasion for 432 gold pieces
  7573 | D:8      | Found a basalt altar of Yredelemnul.
  8203 | D:8      | Reached skill level 5 in Dodging
  8478 | D:9      | Found a burning altar of Makhleb.
  8478 | D:9      | Found a hazy altar of Hepliaklqana.
  8551 | D:9      | Noticed Angani's ghost (novice DrCj)
  8567 | D:9      | Killed Angani's ghost
  8683 | D:9      | Reached skill level 12 in Axes
  8719 | D:9      | Found a staircase to the Lair.
  9400 | D:10     | Entered Level 10 of the Dungeon
  9429 | D:10     | Noticed Sonja
  9437 | D:10     | Killed Sonja
  9541 | D:10     | Identified the Handbook of the Excruciating Mountains
  9543 | D:10     | Noticed a purple ugly thing
  9554 | D:10     | Killed a purple ugly thing
  9554 | D:10     | Reached skill level 13 in Axes
  9554 | D:10     | Reached XP level 11. HP: 99/99 MP: 3/11
  9749 | D:9      | Gained mutation: You are frail. (-10% HP) [potion of mutation]
  9749 | D:9      | Gained mutation: You are clumsy. (Dex -2) [potion of mutation]
  9749 | D:9      | Gained mutation: You are resistant to hostile enchantments. (MR+) [potion of mutation]
  9750 | D:9      | Lost mutation: You are frail. (-10% HP) [potion of cure mutation]
  9750 | D:9      | Lost mutation: You are clumsy. (Dex -2) [potion of cure mutation]
  9750 | D:9      | Lost mutation: You are resistant to hostile enchantments. (MR+) [potion of cure mutation]
  9846 | D:10     | Received a gift from Trog
 10331 | Lair:1   | Entered Level 1 of the Lair of Beasts
 10400 | Lair:1   | Noticed an ice dragon
 10408 | Lair:1   | HP: 3/148 [ice dragon] (9)]
 10408 | Lair:1   | Slain by an ice dragon

Skill      XL: |  1  2  3  4  5  6  7  8  9 10 |
---------------+-------------------------------+-----
Fighting       | 4 5 6 7 9 |  9.9
Axes           | 4 5 7 8 11 13 | 13.5
Dodging        | 6 |  6.8

Action                   |  1- 3 |  4- 6 |  7- 9 | 10-12 || total
-------------------------+-------+-------+-------+-------++-------
Melee: Hand axe          |   106 |   167 |   448 |       ||   721
       Tailslap          |     7 |    23 |    80 |    48 ||   158
       War axe           |       |       |    82 |   308 ||   390
Invok: Berserk           |     4 |     4 |     8 |     4 ||    20
       Trog's Hand       |       |     1 |     1 |     3 ||     5
       Brothers in Arms  |       |       |       |     1 ||     1
 Abil: Breathe Sticky Fl |       |       |     2 |     1 ||     3
  Use: Scroll            |       |       |    17 |     6 ||    23
       Potion            |       |       |     7 |     5 ||    12
 Stab: Sleeping          |       |     1 |     1 |     1 ||     3
       Distracted        |       |       |     1 |       ||     1
  Eat: Chunk             |     3 |     9 |    18 |    17 ||    47
       Royal jelly       |       |     1 |       |       ||     1
       Meat ration       |       |       |     1 |       ||     1
Armor: Skin              |    27 |    53 |   195 |    79 ||   354
Dodge: Dodged            |    76 |   102 |   285 |   222 ||   685
